 Dungeon Crawl Stone Soup version 0.20.1-1-g8b1a95d (webtiles) character file.

838 Monsterracer the Ruffian (level 7, -4/58 HPs)
             Began as a Naga Transmuter on July 9, 2017.
             Was an Initiate of Cheibriados.
             Killed by nerve-wracking pain
             ... invoked by Menkaure
              (13 damage)
             ... on level 5 of the Dungeon.
             The game lasted 00:19:05 (4516 turns).

Monsterracer the Ruffian (Naga Transmuter)          Turns: 4516, Time: 00:19:06

Health: -4/58      AC:  6    Str: 13    XL:     7   Next: 99%
Magic:  7/12       EV: 15    Int: 22    God:    Cheibriados [......]
Gold:   311        SH:  0    Dex: 12    Spells: 1/11 levels left

rFire    . . .     SeeInvis +     - Unarmed
rCold    . . .     Gourm    .   (shield currently unavailable)
rNeg     . . .     Faith    .   b - +0 robe
rPois    +         Spirit   .   e - +2 helmet
rElec    .         Reflect  .   (no cloak)
rCorr    .         Harm     .   (gloves currently unavailable)
MR       .....                  (no barding)
Stlth    +.........             (no amulet)
Regen    0.2/turn               h - +5 ring of evasion
MPRegen  0.2/turn               (no ring)

@: brilliant, blade hands, flying, very slow
A: stinger 1, see invisible, deformed body, high mp 1, poison resistance,
slowness 2, slow metabolism 1, spit poison 1, sturdy frame 1, AC +2
a: Spit Poison, End Transformation, Bend Time, Renounce Religion


You were on level 5 of the Dungeon.
You worshipped Cheibriados.
Cheibriados was noncommittal.
You were hungry.
You had blades for hands.
You visited 1 branch of the dungeon, and saw 5 of its levels.

You collected 311 gold pieces.

Inventory:

Missiles
 a - 44 arrows
 f - 6 tomahawks (quivered)
 u - 248 stones
 w - 2 throwing nets
Armour
 b - a +0 robe (worn)
 e - a +2 helmet (worn)
Jewellery
 h - a +5 ring of evasion (left scythe-like blade)
Wands
 t - a wand of polymorph (0/24)
 x - a wand of lightning (11/15)
Scrolls
 g - a scroll of amnesia
 i - 3 scrolls of remove curse
 k - a scroll of fear
 m - 5 scrolls of teleportation
 v - 3 scrolls of identify
Potions
 l - a potion of haste
 o - a potion of brilliance
Books
 c - a book of Changes

   Spells                             Type                      Level
   a - Beastly Appendage              Transmutation                1
   b - Sticks to Snakes               Transmutation                2
   c - Spider Form                    Transmutation/Poison         3
   d - Ice Form                       Ice/Transmutation            4
   e - Blade Hands                    Transmutation                5
 p - a book of Cantrips

   Spells                             Type                      Level
   a - Confusing Touch                Hexes                        1
   b - Animate Skeleton               Necromancy                   1
   c - Summon Small Mammal            Summoning                    1
   d - Apportation                    Translocation                1
Comestibles
 d - 5 bread rations
 j - 3 fruits
 q - 8 chunks of flesh
 s - a royal jelly


   Skills:
 + Level 1.8 Fighting
 + Level 2.1 Dodging
 * Level 6.9 Unarmed Combat
 + Level 2.7 Spellcasting
 + Level 4.2 Transmutations
 - Level 4.0 Poison Magic
 + Level 0.0 Invocations


You had one spell level left.
You knew the following spells:

 Your Spells              Type           Power        Failure   Level  Hunger
b - Sticks to Snakes      Tmut           #####...     3%          2    ##.....
c - Spider Form           Tmut/Pois      ####......   4%          3    ###....
d - Blade Hands           Tmut           #####.....   19%         5    ######.


Dungeon Overview and Level Annotations

Branches:
Dungeon (5/15)
 Temple: D:4-7

Altars:
Cheibriados
Zin

Shops:
D:4 %

Annotations:
D:5 Menkaure


Innate Abilities, Weirdness & Mutations

You cannot wear boots.
Your serpentine skin is tough. (AC +2)
You have supernaturally acute eyesight. (SInv)
Armour fits poorly on your strangely shaped body.
Your system is resistant to poisons. (rPois)
You cover ground very slowly.
You have a slow metabolism.
You can spit poison.
Your tail ends in a poisonous barb.
You have an increased reservoir of magic. (+10% MP)
Your movements are slightly less encumbered by armour. (ER -2)


Message History

You fly up into the air.
Menkaure barely misses you.
Okay, then.
You feel better.
Menkaure hums in an indecipherable tongue.
Menkaure hits you!
* * * LOW HITPOINT WARNING * * *
Huge Dmg: -2%(-1hp) hp: 2%(1hp)
You feel better. Menkaure closely misses you.
You feel clever all of a sudden. Menkaure hits you but does no damage.
Casting: Spider Form
Confirm with . or Enter, or press ? or * to list all spells.
Okay, then.
Casting: Spider Form
Confirm with . or Enter, or press ? or * to list all spells.
Your hands turn into razor-sharp scythe blades.
You are feeling hungry.
Menkaure gestures at you while chanting.
Pain shoots through your body!
You die...

#.###^#
#..####.#.##..###### #.#
#..##.## #......##
#.####.####....# #......#
#........####..# ##.....#
######.#.......######..r..#
#.....######.............#
##'##### ##...###...#####
.....### #..#.###...###
.......## #.##.@Mr......
.....⌠..####.#####.......
..⌠.....#....# .......
.###._.####### ...#... ##
##### ...# #. ...# ...#
...#


You could see Menkaure and a quokka.

Vanquished Creatures
  Grinder (D:3)
  A phantom (D:4)
  2 ogres
  A howler monkey (D:4)
  3 worker ants
  4 orc wizards
  7 adders
  2 oozes
  2 worms
  3 dart slugs
  2 leopard geckos
  9 orcs
  6 bats
  4 giant cockroaches
  7 goblins
  11 hobgoblins
  3 jackals (D:1)
  8 kobolds
  2 quokkas (D:5)
  3 ball pythons (D:2)
  2 frilled lizards
  4 rats
87 creatures vanquished.

Notes
Turn   | Place    | Note
-------+----------+-------------------------------------------
     0 | D:1      | Monsterracer the Naga Transmuter began the quest for the Orb.
     0 | D:1      | Reached XP level 1. HP: 18/18 MP: 3/3
   115 | D:1      | Reached XP level 2. HP: 25/25 MP: 5/5
   123 | D:1      | Learned a level 2 spell: Sticks to Snakes
   969 | D:1      | Reached skill level 4 in Unarmed Combat
   969 | D:1      | Reached XP level 3. HP: 31/31 MP: 6/6
   974 | D:1      | Learned a level 3 spell: Spider Form
  1063 | D:1      | Gained mutation: You have an increased reservoir of magic. (+10% MP) [potion of mutation]
  1063 | D:1      | Gained mutation: Your tail ends in a poisonous barb. [potion of mutation]
  1063 | D:1      | Gained mutation: Your movements are slightly less encumbered by armour. (ER -2) [potion of mutation]
  1608 | D:2      | Reached skill level 1 in Poison Magic
  1852 | D:2      | Reached XP level 4. HP: 30/38 MP: 7/7
  3049 | D:3      | Reached XP level 5. HP: 44/44 MP: 6/8
  3107 | D:3      | Reached skill level 5 in Unarmed Combat
  3275 | D:3      | Noticed Grinder
  3294 | D:3      | Killed Grinder
  3294 | D:3      | Reached XP level 6. HP: 51/51 MP: 9/9
  3761 | D:4      | Reached skill level 6 in Unarmed Combat
  3767 | D:4      | Noticed a phantom
  3840 | D:4      | Killed a phantom
  3840 | D:4      | Reached XP level 7. HP: 52/57 MP: 11/11
  3926 | D:4      | Learned a level 5 spell: Blade Hands
  4164 | D:4      | Found Eddamoq's Food Boutique.
  4372 | D:5      | Entered Level 5 of the Dungeon
  4455 | D:5      | Found a snail-covered altar of Cheibriados.
  4456 | D:5      | Found a glowing silver altar of Zin.
  4462 | D:5      | Became a worshipper of Cheibriados the Contemplative
  4496 | D:5      | Noticed Menkaure
  4511 | D:5      | HP: 2/58 [Menkaure (23)]
  4516 | D:5      | Killed from afar by Menkaure

Skill      XL: |  1  2  3  4  5  6  7 |
---------------+----------------------+-----
Unarmed Combat | 4 5 6 |  6.9
Poison Magic   | 1 3 4 |  4.0
Transmutations | 3 4 |  4.2
Dodging        | 2 |  2.1
Fighting       | |  1.8
Spellcasting   | |  2.7

Action                   |  1- 3 |  4- 6 |  7- 9 || total
-------------------------+-------+-------+-------++-------
Melee: Unarmed           |   108 |   130 |    75 ||   313
       Headbutt          |     1 |       |       ||     1
       Tailslap          |       |     7 |     2 ||     9
       Punch             |       |     2 |       ||     2
Throw: Tomahawk          |       |     2 |       ||     2
 Cast: Beastly Appendage |     5 |       |       ||     5
       Spider Form       |     6 |     4 |     3 ||    13
       Sticks to Snakes  |       |     2 |       ||     2
       Blade Hands       |       |       |     1 ||     1
 Abil: Spit Poison       |    10 |    18 |     3 ||    31
Evoke: Wand              |       |       |     6 ||     6
  Use: Potion            |     4 |     3 |     4 ||    11
       Scroll            |       |     9 |       ||     9
  Eat: Chunk             |     4 |     6 |     3 ||    13
Armor: Robe              |    18 |    10 |     5 ||    33
       Skin              |     1 |    13 |     2 ||    16
Dodge: Dodged            |    80 |    68 |    59 ||   207
